 Dungeon Crawl Stone Soup version 0.15.1 (webtiles) character file.

29911 Kashira the Hoplite (level 13, 117/117 HPs)
             Began as a Troll Monk on Sept 17, 2014.
             Quit the game on Level 5 of the Lair of Beasts.
             The game lasted 00:56:41 (14599 turns).

Kashira the Hoplite (Troll Monk)                   Turns: 14599, Time: 00:56:41

HP 117/117       AC 18     Str 25      XL: 13   Next: 17%
MP  19/19        EV 11     Int  6      God:
Gold 882         SH 21     Dex 18      Spells:  2 memorised, 17 levels left

rFire  + + .     SeeInvis .       - Unarmed
rCold  . . .     Clarity  +     n - +2 fire dragon armour "Aruimn" {rF++ rC- Str+3 Dex+2}
rNeg   . . .     rCorr    .     G - +1 large shield
rPois  .         rRot     .     (helmet restricted)
rElec  .         Spirit   .     u - +1 cloak of Inaction {rC+ MR+ Stlth++}
SustAb .         Warding  .     (gloves unavailable)
rMut   .         Stasis   .     (boots unavailable)
Gourm  +                        c - amulet of clarity
MR     +....                    o - +2 ring of protection
                                l - +2 ring of evasion

@: somewhat resistant to hostile enchantments, unstealthy
A: unfitting armour, claws 3, horns 1, fast metabolism 3, gourmand, regeneration
2, saprovore 2, shaggy fur 1, tough skin 2
a: no special abilities


You were on level 5 of the Lair of Beasts.
You were not hungry.

You visited 3 branches of the dungeon, and saw 17 of its levels.
You also visited: Sewer, Bailey and Ice Cave.

You collected 882 gold pieces.

Inventory:

Hand weapons
 J - a +1 blowgun
Missiles
 e - 3 throwing nets
 F - 48 poisoned needles
 H - 5 tomahawks (quivered)
 P - 2 curare-tipped needles
Armour
 n - the +2 fire dragon armour "Aruimn" (worn) {rF++ rC- Str+3 Dex+2}
   (You found it in a bailey)

   It affects your strength (+3).
   It affects your dexterity (+2).
   It greatly protects you from fire.
   It makes you vulnerable to cold.
 u - the +1 cloak of Inaction (worn) {rC+ MR+ Stlth++}
   (You found it in a bailey)

   It protects you from cold.
   It affects your resistance to hostile enchantments.
   It makes you much more stealthy.
 G - a +1 large shield (worn)
Magical devices
 x - a wand of flame (3)
 z - a wand of paralysis (8)
 I - a wand of magic darts (4)
 N - a wand of lightning (0)
 O - a wand of fireball (2)
 Q - a wand of draining (0)
 R - a wand of fireball (4)
 U - a wand of polymorph (2)
Comestibles
 b - 13 meat rations
 d - 13 bread rations
 g - 2 royal jellies
 r - 8 slices of pizza
 A - 11 fruits
 T - a beef jerky
Scrolls
 f - 2 scrolls of teleportation
 h - 4 scrolls of recharging
 i - 3 scrolls of fear
 j - a scroll of enchant armour
 y - 3 scrolls of remove curse
 D - 13 scrolls of identify
Jewellery
 c - an amulet of clarity (around neck)
 k - an uncursed ring of flight
 l - a +2 ring of evasion (left claw)
 o - a +2 ring of protection (right claw)
Potions
 a - a potion of heal wounds
 m - 3 potions of resistance
 p - a potion of agility
 q - 6 potions of might
 s - 4 potions of curing
 t - 2 potions of lignification {unknown}
 v - 2 potions of restore abilities
 B - a potion of flight {unknown}
 L - 3 potions of haste
Books
 w - a book of Wizardry

   Spells                             Type                      Level
   Agony                              Necromancy                   5
   Force Lance                        Conjuration                  5
   Dispersal                          Translocation                6
   Haste                              Charms                       6
   Invisibility                       Hexes                        6
   Spellforged Servitor               Conjuration/Summoning        7


   Skills:
 + Level 4.9 Fighting
 + Level 2.1 Throwing
 + Level 4.1 Armour
 - Level 5.5 Dodging
 - Level 1.1 Stealth
 * Level 13.2 Shields
 + Level 9.2 Unarmed Combat
 * Level 4.1 Spellcasting
 * Level 2.1 Summonings
 * Level 4.1 Translocations
 + Level 1.7 Evocations


You had 17 spell levels left.
You knew the following spells:

 Your Spells              Type           Power        Failure   Level  Hunger
a - Blink                 Tloc           N/A          30%         2    ###....
b - Summon Butterflies    Summ           #.......     47%         1    ##.....


Dungeon Overview and Level Annotations

Branches:
Dungeon (11/15)            Temple (1/1) D:7             Orc (0/4) D:11
   Lair (5/8) D:11
  Swamp: Lair:3-6    Shoals: Lair:3-6     Snake: Lair:3-6    Spider: Lair:3-6

Altars:
Ashenzari
Cheibriados
Dithmenos
Elyvilon
Fedhas
Kikubaaqudgha
Makhleb
Nemelex Xobeh
Okawaru
Qazlal
Sif Muna
Vehumet
Xom
Zin
The Shining One
Lugonu

Shops:
D:11 ?

Annotations:
D:4 Grinder


Innate Abilities, Weirdness & Mutations

You are too large for most types of armour.
You have claws for hands.
Your metabolism is lightning-fast.
You like to eat raw meat.
You heal very quickly.
You can eat rotten meat.
You are covered in fur (AC +1).
You have very tough skin (AC +2).
You have a pair of small horns on your head.


Message History

You scratch the crocodile.
You kill the crocodile!
You block the adder's attack.
You mangle the adder!!
You kill the adder!
No target in view!
z - a bronze wand Read which item? (? for menu, Esc to quit)
Okay, then.
Evoke which item? (* to show all) (? for menu, Esc to quit)
Zapping:
z - a bronze wand
Press: ? - help, Shift-Dir - straight line Nothing appears to happen.
z - a wand of paralysis {zapped: 1}
B - a smoky pink potion
Found a stone staircase leading down.
A water moccasin and a yak come into view.
Found a sack of spiders and 4 fruits.
There are monsters nearby!
Are you sure you want to abandon this character and quit the game? (Confirm with "yes".)

≈≈≈≈≈≈.###....#.#....
≈≈≈≈≈.####....# #....
≈≈≈≈.P#.....## .....#
P.......#....#.##...#
..............##.#...###
.....................#.#
......................#
P.......#..#...........#
♣.@##....##.....##
Y}..P...####.....#.%..###
....... #......##.....#
....... #.....###...#..
.....♣. #....P##.......
.%...# ##...####<..... S.
. #.....###...... . .
##.>..P#.......
#....####....##


You could see a yak (sleeping) and a water moccasin (sleeping).

Vanquished Creatures
  Josephine (D:10)
  2 hydras
  6 death yaks (Lair:4)
  5 hill giants
  An ugly thing (D:8)
  2 black mambas
  5 elephants (Lair:2)
  Psyche (D:10)
  2 spiny frogs
  2 komodo dragons
  A two-headed ogre (D:10)
  A catoblepas zombie (D:10)
  9 blink frogs
  4 trolls
  A basilisk (Lair:2)
  A wyvern (D:10)
  2 hill giant zombies (D:10)
  Eustachio (D:5)
  7 hippogriffs
  16 wolves
  A steam dragon (D:8)
  2 hungry ghosts
  19 yaks
  5 water moccasins
  3 vampire mosquitoes (D:11)
  2 porcupines (Lair:4)
  A necrophage (D:11)
  5 ogres
  8 orc warriors
  A yellow wasp (D:11)
  2 sky beasts (D:9)
  4 centaurs
  2 black bears
  4 crocodiles
  An ice beast (D:7)
  A manticore skeleton (D:11)
  10 big kobolds
  A cyclops zombie (D:10)
  3 scorpions
  9 giant frogs
  13 killer bees
  A troll skeleton (D:7)
  3 crimson imps
  An electric eel (D:10)
  5 orc wizards
  2 centaur skeletons
  3 iguanas
  9 hounds
  2 jellies
  4 orc priests
  A cyclops simulacrum (D:10)
  11 worker ants
  A killer bee zombie (D:10)
  6 sheep (Lair:1)
  A mottled dragon zombie (D:10)
  A hound zombie (D:7)
  An ogre skeleton (D:6)
  A hound skeleton (D:6)
  An orc zombie (D:10)
  A worker ant zombie (D:11)
  9 gnolls
  34 green rats
  14 white imps
  2 worms
  18 adders
  2 giant mites
  2 shadow imps
  5 ufetubi (IceCv)
  An orc skeleton (D:8)
  45 orcs
  4 ball pythons
  15 bats
  4 giant cockroaches
  8 goblins
  15 hobgoblins
  33 kobolds
  4 giant geckos
  12 giant newts
  3 green rat zombies (D:10)
  20 jackals
  8 quokkas
  43 rats
  3 rat zombies (D:10)
  3 plants
529 creatures vanquished.

Vanquished Creatures (others)
  2 white imps (IceCv)
  2 ufetubi (IceCv)
  A fungus (Lair:3)
  2 plants
7 creatures vanquished.

Grand Total: 536 creatures vanquished

Notes
Turn   | Place    | Note
--------------------------------------------------------------
     0 | D:1      | Kashira, the Troll Monk, began the quest for the Orb.
     0 | D:1      | Reached XP level 1. HP: 22/22 MP: 1/1
   370 | D:1      | Reached XP level 2. HP: 29/29 MP: 1/1
   587 | D:1      | Found an iron altar of Okawaru.
   952 | D:2      | Found a shimmering altar of Xom.
  1200 | D:2      | Reached XP level 3. HP: 36/36 MP: 2/2
  1536 | D:3      | Noticed a hippogriff
  1729 | D:3      | Reached skill level 5 in Unarmed Combat
  1729 | D:3      | Reached XP level 4. HP: 24/44 MP: 2/2
  1949 | D:3      | Killed a hippogriff
  1949 | D:3      | Reached XP level 5. HP: 36/53 MP: 2/2
  2180 | D:4      | Reached skill level 6 in Unarmed Combat
  2190 | D:4      | Reached XP level 6. HP: 61/61 MP: 3/3
  2192 | D:4      | Noticed an ogre
  2199 | D:4      | Killed an ogre
  2326 | D:4      | Noticed Grinder
  2353 | D:5      | Entered Level 5 of the Dungeon
  2421 | D:5      | Reached XP level 7. HP: 37/67 MP: 3/3
  2443 | D:5      | Found a glowing drain.
  2490 | Sewer    | Entered a sewer
  3332 | D:5      | Reached skill level 7 in Unarmed Combat
  3456 | D:5      | Found a stormy altar of Qazlal.
  3514 | D:5      | Noticed Eustachio
  3526 | D:5      | Killed Eustachio
  3526 | D:5      | Reached skill level 5 in Dodging
  3700 | D:5      | Found a white marble altar of Elyvilon.
  3851 | D:6      | Reached XP level 8. HP: 55/78 MP: 3/3
  3911 | D:6      | Reached skill level 8 in Unarmed Combat
  4627 | D:7      | Found a staircase to the Ecumenical Temple.
  4645 | Temple   | Entered the Ecumenical Temple
  4798 | D:7      | Reached skill level 1 in Shields
  5777 | D:8      | Reached XP level 9. HP: 70/84 MP: 4/4
  5818 | D:8      | Found an iron altar of Okawaru.
  5818 | D:8      | Found a radiant altar of Vehumet.
  5897 | D:8      | Reached skill level 5 in Shields
  6080 | D:8      | Noticed a brown ugly thing
  6249 | D:8      | Found a flagged portal.
  6255 | Bailey   | Entered a bailey
  6538 | Bailey   | Got a shimmering fire dragon armour
  6549 | Bailey   | Identified the +2 fire dragon armour "Aruimn" {rF++ rC- Str+3 Dex+2} (You found it in a bailey)
  6551 | Bailey   | Got a dazzling cloak
  6557 | Bailey   | Identified the +1 cloak of Inaction {rC+ MR+ Stlth++} (You found it in a bailey)
  6623 | Bailey   | Reached skill level 1 in Evocations
  6672 | D:8      | Killed a brown ugly thing
  6672 | D:8      | Reached skill level 1 in Throwing
  6886 | D:8      | Reached XP level 10. HP: 92/92 MP: 6/6
  6893 | D:8      | Learned a level 2 spell: Blink
  8045 | D:9      | Found a glowing golden altar of the Shining One.
  8136 | D:9      | Found a blossoming altar of Fedhas.
  8136 | D:9      | Found a deep blue altar of Sif Muna.
  8138 | D:9      | Reached skill level 1 in Armour
  8175 | D:9      | Gained mutation: You have a pair of small horns on your head. [mutagenic meat]
  8493 | D:9      | Reached skill level 9 in Shields
  8505 | D:9      | Reached skill level 1 in Spellcasting
  8505 | D:9      | Reached skill level 1 in Translocations
  8744 | D:9      | You fall through a shaft!
  8744 | D:10     | Entered Level 10 of the Dungeon
  8799 | D:9      | Noticed an iron golem
  8799 | D:9      | Noticed an iron golem
  8799 | D:9      | Noticed an iron golem
  8799 | D:9      | Noticed an iron golem
  8806 | D:9      | Noticed a five-headed hydra
  8887 | D:10     | Noticed Josephine
  8893 | D:10     | Reached skill level 10 in Shields
  8916 | D:10     | Killed Josephine
  8933 | D:10     | Reached XP level 11. HP: 61/100 MP: 8/8
  9190 | D:10     | Noticed a hill giant
  9196 | D:10     | Killed a hill giant
  9393 | D:10     | Noticed a hill giant
  9428 | D:10     | Killed a hill giant
  9758 | D:10     | Noticed Psyche
  9772 | D:10     | Killed Psyche
 10058 | D:10     | Noticed a hill giant
 10065 | D:10     | Killed a hill giant
 10065 | D:10     | Reached skill level 11 in Shields
 10090 | D:11     | Found Osaukax's Magic Scroll Boutique.
 10191 | D:11     | Found a staircase to the Orcish Mines.
 10460 | D:11     | Found a staircase to the Lair.
 10602 | D:11     | Noticed a hill giant
 10615 | D:11     | Killed a hill giant
 10745 | D:11     | Noticed a hill giant
 10749 | D:11     | Killed a hill giant
 11021 | Lair:1   | Entered Level 1 of the Lair of Beasts
 11071 | Lair:1   | Found a frozen archway.
 11107 | IceCv    | Entered an ice cave
 11170 | IceCv    | Noticed an ice statue
 11170 | IceCv    | Noticed an ice statue
 11645 | Lair:1   | Reached skill level 12 in Shields
 11742 | Lair:2   | Noticed a five-headed hydra
 11808 | Lair:2   | Reached XP level 12. HP: 107/109 MP: 14/14
 12097 | Lair:2   | Killed an eight-headed hydra
 12735 | Lair:2   | Learned a level 1 spell: Summon Butterflies
 13431 | Lair:3   | Reached skill level 1 in Summonings
 13477 | Lair:3   | Noticed a seven-headed hydra
 13490 | Lair:3   | Killed an eight-headed hydra
 13573 | Lair:3   | Noticed a five-headed hydra
 13697 | Lair:4   | Reached skill level 13 in Shields
 13698 | Lair:4   | Reached XP level 13. HP: 61/117 MP: 17/18
 14599 | Lair:5   | Quit the game

Action                   |  1- 3 |  4- 6 |  7- 9 | 10-12 | 13-15 || total
-------------------------+-------+-------+-------+-------+-------++-------
Melee: Unarmed           |    89 |   123 |   495 |  1005 |   107 ||  1819
 Fire: Blowgun           |       |       |    16 |    12 |       ||    28
Throw: Tomahawk          |       |       |     4 |     4 |       ||     8
Evoke: Wand              |       |       |    21 |    15 |     2 ||    38
  Use: Scroll            |     3 |     4 |     6 |    11 |       ||    24
       Potion            |     1 |     4 |     7 |     2 |       ||    14
 Stab: Sleeping          |       |       |     3 |     7 |     2 ||    12
       Distracted        |       |       |     1 |     1 |       ||     2
  Eat: Chunk             |    16 |     9 |    37 |    66 |     7 ||   135
       Pizza             |       |       |     1 |       |       ||     1
